 Dungeon Crawl Stone Soup version 0.29.0-4-gdea44cf6ec (webtiles) character file.

Game seed: 2596742151407036512

7147 qw the Severer (level 10, -6/136 HPs)
             Began as a Minotaur Berserker on Sept 9, 2022.
             Was an Elder of Trog.
             Succumbed to Sonja's poison
             ... on level 1 of the Lair of Beasts.
             The game lasted 00:03:07 (9717 turns).

qw the Severer (Minotaur Berserker)                 Turns: 9717, Time: 00:03:07

Health: -6/136     AC: 22    Str: 27    XL:     10   Next: 86%
Magic:  8/9        EV:  8    Int:  7    God:    Trog [****..]
Gold:   165        SH:  0    Dex: 11    Spells: 9/9 levels left

rFire   . . .      SeeInvis .   Y - +3 war axe
rCold   + . .      Faith    .   (no shield)
rNeg    . . .      Spirit   +   k - +1 plate armour
rPois   .          Reflect  .   t - +0 hat "Lackiam" {rCorr Str+2 Int+3}
rElec   .          Harm     .   d - scarf {repulsion}
rCorr   +          Rampage  .   (no gloves)
Will    .....                   f - +2 pair of boots
Stlth   ..........              b - amulet of guardian spirit
HPRegen 1.12/turn               i - +4 ring of protection
MPRegen 0.11/turn               g - ring of protection from cold

@: berserking (expiring), lethally poisoned (-6 -> -82), slowed, repel missiles
A: horns 2, retaliatory headbutt, regeneration 1, MP-powered wands
a: Renounce Religion, Berserk, Trog's Hand, Brothers in Arms


You were on level 1 of the Lair of Beasts.
You worshipped Trog.
Trog was greatly pleased with you.
You visited 2 branches of the dungeon, and saw 9 of its levels.

You collected 489 gold pieces.
You spent 324 gold pieces at shops.


Innate Abilities, Weirdness & Mutations

You have a pair of horns on your head.
You reflexively headbutt those who attack you in melee.
Your natural rate of healing is unusually fast.
You expend magic power (3 MP) to strengthen your wands.


   Skills:
 + Level 9.1 Fighting
 - Level 16.2 Axes
 - Level 1.5 Throwing
 - Level 8.1 Armour
 - Level 3.0 Dodging


You had 9 spell levels left.
You didn't know any spells.
Your spell library was empty.

Inventory:

Hand Weapons
 m - a +0 flail
 Y - a +3 war axe (weapon)
Missiles
 o - 3 boomerangs (quivered)
Armour
 d - a scarf of repulsion (worn)
 f - a +2 pair of boots (worn)
 h - a +0 cloak
 k - a +1 plate armour (worn)
 t - the +0 hat "Lackiam" (worn) {rCorr Str+2 Int+3}
   (You acquired it on level 7 of the Dungeon)

   Str:       It affects your strength (+2).
   Int:       It affects your intelligence (+3).
   rCorr:     It protects you from acid and corrosion.
Jewellery
 b - an amulet of guardian spirit (around neck)
 c - a +6 ring of dexterity
 g - a ring of protection from cold (right hand)
 i - a +4 ring of protection (left hand)
Scrolls
 a - 6 scrolls of teleportation
 j - a scroll of identify
Potions
 e - 3 potions of heal wounds
 l - a potion of resistance
 n - a potion of haste
 p - a potion of might
 q - 2 potions of mutation
 r - a potion of degeneration {unknown}
 s - 2 potions of curing

Dungeon Overview and Level Annotations

Branches:
Dungeon (8/15)             Temple (0/1) D:4            Lair (1/5) D:8

Altars:
Ashenzari
Cheibriados
Fedhas
Gozag
Makhleb
Nemelex Xobeh
Qazlal
Ru
Trog
Vehumet
Yredelemnul

Shops:
D:1 :   D:6 *:*[(   D:7 *

Annotations:
D:6 1 runed translucent door, Crazy Yiuf
Lair:1 Sonja


Message History

Sonja hits you with a +2 dagger of venom.
Sonja hits you but does no damage.
You are more poisoned.
Sonja hits you but does no damage.
You miss Sonja. Your headbutt misses Sonja.
Sonja is severely wounded.
You feel very sick. Sonja closely misses you.
Sonja hits you but does no damage.
You are more poisoned.
Sonja hits you but does no damage.
You are more poisoned.
You closely miss Sonja. Your headbutt misses Sonja.
Sonja is severely wounded.
You feel very sick. Sonja hits you but does no damage.
You are lethally poisoned!
Sonja closely misses you. Sonja hits you but does no damage.
You are more poisoned.
You miss Sonja.
Sonja is severely wounded.
You feel extremely sick.
Sonja bows elegantly.
Sonja hits you but does no damage.
You are more poisoned.
Sonja hits you with a +2 dagger of venom.
You are more poisoned.
Sonja hits you but does no damage.
You are more poisoned.
You closely miss Sonja.
Sonja is severely wounded.
You feel extremely sick. Sonja hits you but does no damage.
You are more poisoned.
Sonja hits you but does no damage.
You are more poisoned.
Sonja hits you but does no damage.
You are more poisoned.
You hit Sonja.
Sonja is almost dead.
You die...

...# #.....### ..##
#.......# ..##
#.......# ...#
#.......# ..##
#.......# ..#
##.......# ###
#........#
#.......# #@......#
##### #K......#
###.#.###.......#
#...............#
###........###.####
#####.##.......#
###
#......%.......#
#..............# ##
##..............##
P.#####


You could see Sonja.

Vanquished Creatures
  Pikel (D:4)
  Maurice (D:8)
  Joseph (D:7)
  2 cane toads (Lair:1)
  Maggie (D:6)
  3 wyverns (D:8)
  2 basilisks
  A steam dragon (D:6)
  Menkaure (D:6)
  8 water moccasins
  A sky beast (D:7)
  An orc warrior (D:8)
  3 ogres
  5 black bears
  8 wolves
  2 phantoms (D:4)
  A centaur (D:7)
  A lemure (D:4)
  Blork the orc (D:6)
  A kobold brigand (D:7)
  5 bullfrogs
  2 scorpions
  5 wights (D:8)
  An electric eel (D:6)
  2 hounds
  4 jellies
  A gnoll bouda (D:5)
  2 orc priests
  2 iguanas
  6 orc wizards
  Natasha (twice) (D:3)
  9 gnolls
  4 adders
  2 river rats (D:3)
  A shadow imp (D:5)
  2 white imps (D:6)
  5 worms
  A dart slug (D:4)
  27 orcs
  7 endoplasms
  5 giant cockroaches
  14 goblins
  9 hobgoblins
  16 kobolds
  6 quokkas
  8 ball pythons
  6 bats
  4 frilled lizards
  8 rats
211 creatures vanquished.

Vanquished Creatures (others)
  3 fungi
  11 plants
14 creatures vanquished.

Grand Total: 225 creatures vanquished

Notes
Turn   | Place    | Note
-------+----------+-------------------------------------------
     0 | D:1      | qw the Minotaur Berserker began the quest for the Orb.
     0 | D:1      | Reached XP level 1. HP: 19/19 MP: 0/0
     0 | D:1      | 0 ||| qw: Version: 0.1-a-113-g051387a
     0 | D:1      | 0 ||| qw: Game counter: 7206
     0 | D:1      | 0 ||| qw: Always use a shield: true
     0 | D:1      | 0 ||| qw: Do Orc after D:15 true
     0 | D:1      | 0 ||| qw: Do second Lair branch before Depths: true
     0 | D:1      | 0 ||| qw: Lair rune preference: random
     0 | D:1      | 0 ||| qw: Plans: Normal
     0 | D:1      | 0 ||| PLANNING D:1-11
   106 | D:1      | Reached skill level 4 in Axes
   175 | D:1      | 175 ||| Stepping ~*~*~tactically~*~*~ (stealth).
   182 | D:1      | Reached XP level 2. HP: 26/26 MP: 1/1
   754 | D:1      | Found Jyufoewu's Vocational Training.
   759 | D:1      | 759 ||| DROPPING +0 club.
   837 | D:1      | Reached skill level 5 in Axes
  1066 | D:1      | Reached XP level 3. HP: 31/31 MP: 2/2
  1186 | D:1      | 1186 ||| UPGRADING to +0 plate armour.
  1196 | D:1      | 1196 ||| DROPPING +0 animal skin.
  1197 | D:1      | 1197 ||| UPGRADING to ring of protection from cold.
  1198 | D:1      | 1198 ||| UPGRADING to +6 ring of dexterity.
  1199 | D:1      | 1199 ||| UPGRADING to +4 ring of protection.
  1201 | D:1      | 1201 ||| UPGRADING to ring of protection from cold.
  1203 | D:1      | 1203 ||| READING 4 scrolls labelled XITITU QETZO.
  1206 | D:1      | 1206 ||| READING scroll labelled TUELESTRUSOSK.
  1207 | D:1      | 1207 ||| READING scroll labelled VAALOT OPPING.
  1208 | D:1      | 1208 ||| READING 2 scrolls labelled NAWOER KESI.
  1209 | D:1      | 1209 ||| READING scroll labelled SUMAIDW INISOA.
  1210 | D:1      | 1210 ||| READING scroll labelled BUBUQU ASYENWA.
  1211 | D:1      | 1211 ||| READING scroll labelled ZERCHU ZIDU.
  1212 | D:1      | 1212 ||| READING 3 scrolls of teleportation.
  1243 | D:2      | 1243 ||| STAIRDANCE
  1336 | D:2      | 1336 ||| INVOKING Berserk.
  1338 | D:2      | Reached ** piety under Trog
  1470 | D:2      | Identified the +5 sling of Awkwardness {flame, rC+ rN+}
  1471 | D:2      | 1471 ||| DROPPING +0 mace.
  1537 | D:2      | 1537 ||| INVOKING Berserk.
  1715 | D:2      | 1715 ||| INVOKING Berserk.
  1719 | D:2      | Reached skill level 6 in Axes
  1719 | D:2      | Reached XP level 4. HP: 39/39 MP: 3/3
  2168 | D:2      | Found a faded altar of an unknown god.
  2246 | D:2      | 2246 ||| DROPPING +6 ring of intelligence.
  2247 | D:2      | 2247 ||| READING 2 scrolls labelled BETSYRGHECUA.
  2248 | D:2      | 2248 ||| READING scroll labelled JIOROU NEMNI.
  2349 | D:2      | 2349 ||| READING scroll labelled KOSMOS WIOJA.
  2349 | D:2      | Identified a scroll of acquirement
  2349 | D:2      | 2349 ||| ACQUIRING scarf of repulsion
  2349 | D:2      | Acquired a scarf of repulsion
  2351 | D:2      | 2351 ||| UPGRADING to scarf of repulsion.
  2356 | D:2      | 2356 ||| DRINKING 2 viscous green potions.
  2357 | D:2      | 2357 ||| DRINKING 3 silvery potions.
  2458 | D:2      | 2458 ||| DROPPING scroll of fog.
  2459 | D:2      | 2459 ||| DROPPING 2 potions of ambrosia.
  2470 | D:3      | 2470 ||| PLANNING SEWER
  2674 | D:3      | 2674 ||| Stepping ~*~*~tactically~*~*~ (stealth).
  2700 | D:3      | Noticed an ogre
  2710 | D:3      | 2710 ||| INVOKING Berserk.
  2715 | D:3      | Killed an ogre
  2716 | D:3      | Reached skill level 7 in Axes
  2716 | D:3      | Reached XP level 5. HP: 45/45 MP: 4/4
  2865 | D:3      | 2865 ||| SWAPPING to +0 war axe.
  2866 | D:3      | 2866 ||| DROPPING +0 hand axe.
  3050 | D:3      | Noticed Natasha
  3051 | D:3      | 3051 ||| INVOKING Berserk.
  3052 | D:3      | Killed Natasha
  3053 | D:3      | Reached skill level 3 in Armour
  3152 | D:3      | 3152 ||| RIP SEWER
  3157 | D:3      | 3157 ||| PLANNING D:1-11
  3372 | D:3      | Noticed Natasha
  3373 | D:3      | 3373 ||| Stepping ~*~*~tactically~*~*~ (hiding).
  3377 | D:3      | 3377 ||| INVOKING Berserk.
  3379 | D:3      | Killed Natasha
  3523 | D:3      | 3523 ||| Stepping ~*~*~tactically~*~*~ (stealth).
  3559 | D:3      | Noticed an ogre
  3563 | D:3      | 3563 ||| Stepping ~*~*~tactically~*~*~ (stealth).
  3571 | D:3      | 3571 ||| INVOKING Berserk.
  3575 | D:3      | Killed an ogre
  3576 | D:3      | Reached skill level 8 in Axes
  3576 | D:3      | Reached XP level 6. HP: 52/52 MP: 5/5
  3624 | D:3      | 3624 ||| DROPPING amulet of faith.
  3625 | D:3      | 3625 ||| DROPPING ring of positive energy.
  3626 | D:3      | 3626 ||| READING scroll labelled QYXUUCLUMP.
  3627 | D:3      | 3627 ||| READING scroll labelled EBUXKEU AHEOQECVUC.
  3628 | D:3      | 3628 ||| READING scroll labelled OFABBE GAFEULL.
  3629 | D:3      | 3629 ||| DRINKING 2 coppery potions.
  3629 | D:3      | Gained mutation: Your natural rate of healing is unusually
                  | fast. [potion of mutation]
  3629 | D:3      | Gained mutation: You expend magic power (3 MP) to
                  | strengthen your wands. [potion of mutation]
  3694 | D:4      | Found a staircase to the Ecumenical Temple.
  3980 | D:4      | 3980 ||| READING scroll of enchant armour.
  3980 | D:4      | 3980 ||| ENCHANTING +0 plate armour.
  4007 | D:4      | 4007 ||| INVOKING Berserk.
  4012 | D:4      | Reached skill level 9 in Axes
  4012 | D:4      | Reached XP level 7. HP: 59/59 MP: 6/6
  4126 | D:4      | Found a bloodstained altar of Trog.
  4180 | D:4      | Found a burning altar of Makhleb.
  4456 | D:4      | Noticed Pikel
  4456 | D:4      | 4456 ||| Stepping ~*~*~tactically~*~*~ (stealth).
  4458 | D:4      | 4458 ||| Stepping ~*~*~tactically~*~*~ (hiding).
  4459 | D:4      | 4459 ||| Stepping ~*~*~tactically~*~*~ (hiding).
  4462 | D:4      | 4462 ||| Stepping ~*~*~tactically~*~*~ (hiding).
  4468 | D:4      | 4468 ||| INVOKING Berserk.
  4476 | D:4      | Killed Pikel
  4477 | D:4      | Reached XP level 8. HP: 74/74 MP: 7/7
  4493 | D:4      | 4493 ||| Stepping ~*~*~tactically~*~*~ (stealth).
  4673 | D:4      | 4673 ||| READING scroll labelled SIETIUPT VOUW.
  4674 | D:4      | 4674 ||| READING 2 scrolls of identify.
  4674 | D:4      | 4674 ||| IDENTIFYING sedimented grey potion
  4675 | D:4      | 4675 ||| DROPPING potion of lignification.
  4680 | D:5      | Entered Level 5 of the Dungeon
  4719 | D:5      | 4719 ||| INVOKING Berserk.
  4736 | D:5      | 4736 ||| FLEEEEING.
  4737 | D:5      | 4737 ||| FLEEEEING.
  4738 | D:5      | 4738 ||| FLEEEEING.
  4739 | D:5      | 4739 ||| FLEEEEING.
  4740 | D:5      | 4740 ||| FLEEEEING.
  4741 | D:5      | 4741 ||| FLEEEEING.
  4742 | D:5      | 4742 ||| FLEEEEING.
  4743 | D:5      | 4743 ||| STAIRDANCE
  4847 | D:5      | 4847 ||| STAIRDANCE
  4870 | D:5      | 4870 ||| STAIRDANCE
  4890 | D:5      | Found a basalt altar of Yredelemnul.
  4891 | D:5      | Found a radiant altar of Vehumet.
  4891 | D:5      | Found a blossoming altar of Fedhas.
  4893 | D:5      | Found a broken altar of Ashenzari.
  4901 | D:5      | Found a sacrificial altar of Ru.
  4909 | D:5      | 4909 ||| INVOKING Berserk.
  4912 | D:5      | Reached skill level 10 in Axes
  4925 | D:5      | 4925 ||| Stepping ~*~*~tactically~*~*~ (stealth).
  4953 | D:5      | 4953 ||| INVOKING Berserk.
  5062 | D:5      | Reached *** piety under Trog
  5107 | D:5      | 5107 ||| Stepping ~*~*~tactically~*~*~ (hiding).
  5109 | D:5      | 5109 ||| Stepping ~*~*~tactically~*~*~ (hiding).
  5115 | D:5      | 5115 ||| DRINKING potion of curing.
  5115 | D:5      | 5115 ||| (to cure confusion)
  5118 | D:5      | 5118 ||| INVOKING Berserk.
  5122 | D:5      | Reached skill level 1 in Throwing
  5447 | D:5      | Found a stormy altar of Qazlal.
  5448 | D:5      | Found an opulent altar of Gozag.
  5450 | D:5      | Found a snail-covered altar of Cheibriados.
  5603 | D:5      | Identified the +0 ring mail "Tyto" {+Blink rElec SInv}
  5898 | D:5      | 5898 ||| UPGRADING to +2 pair of boots.
  5903 | D:5      | 5903 ||| DRINKING 4 white potions.
  5904 | D:5      | 5904 ||| READING 3 scrolls of identify.
  5904 | D:5      | 5904 ||| IDENTIFYING purple potion
  5905 | D:5      | 5905 ||| READING 2 scrolls of identify.
  5905 | D:5      | 5905 ||| IDENTIFYING golden potion
  5906 | D:5      | 5906 ||| DROPPING potion of attraction.
  5907 | D:5      | 5907 ||| DROPPING 3 potions of flight.
  5921 | D:6      | 5921 ||| INVOKING Berserk.
  5929 | D:6      | 5929 ||| STAIRDANCE
  6034 | D:6      | Noticed Blork the orc
  6037 | D:6      | 6037 ||| INVOKING Berserk.
  6044 | D:6      | Killed Blork the orc
  6050 | D:6      | Reached skill level 11 in Axes
  6185 | D:6      | Noticed Menkaure
  6187 | D:6      | 6187 ||| INVOKING Berserk.
  6189 | D:6      | Killed Menkaure
  6348 | D:6      | Reached XP level 9. HP: 79/81 MP: 8/8
  6359 | D:6      | 6359 ||| Stepping ~*~*~tactically~*~*~ (stealth).
  6361 | D:6      | 6361 ||| Stepping ~*~*~tactically~*~*~ (hiding).
  6370 | D:6      | 6370 ||| INVOKING Berserk.
  6416 | D:6      | 6416 ||| FLEEEEING.
  6524 | D:6      | Reached skill level 12 in Axes
  6581 | D:6      | Found a runed translucent door.
  6582 | D:6      | Noticed Crazy Yiuf
  6643 | D:6      | 6643 ||| Stepping ~*~*~tactically~*~*~ (stealth).
  6736 | D:6      | 6736 ||| INVOKING Berserk.
  6739 | D:6      | Reached skill level 6 in Armour
  6863 | D:6      | Found Xiducur's General Store.
  6868 | D:6      | 6868 ||| SHOPLISTING +7 plate armour of Curiosity {rElec
                  | rPois rF- rN+ Regen+} (734 gold, have 327).
  6868 | D:6      | 6868 ||| BUYING potion of heal wounds (50 gold).
  6868 | D:6      | Bought a potion of heal wounds for 50 gold pieces
  6868 | D:6      | 6868 ||| BUYING potion of mutation (80 gold).
  6868 | D:6      | Bought a potion of mutation for 80 gold pieces
  6868 | D:6      | 6868 ||| BUYING scroll of enchant weapon (75 gold).
  6868 | D:6      | Bought a scroll of enchant weapon for 75 gold pieces
  6868 | D:6      | 6868 ||| BUYING scroll of identify (20 gold).
  6868 | D:6      | Bought a scroll of identify for 20 gold pieces
  6868 | D:6      | 6868 ||| BUYING scroll of teleportation (30 gold).
  6868 | D:6      | Bought a scroll of teleportation for 30 gold pieces
  6868 | D:6      | 6868 ||| READING scroll of enchant weapon.
  6868 | D:6      | 6868 ||| ENCHANTING +1 war axe.
  6967 | D:6      | 6967 ||| INVOKING Berserk.
  7078 | D:6      | Noticed Maggie
  7079 | D:6      | 7079 ||| Stepping ~*~*~tactically~*~*~ (hiding).
  7093 | D:6      | Killed Maggie
  7282 | D:6      | 7282 ||| INVOKING Berserk.
  7418 | D:6      | Found Nenwadgh's Antique Weapon Shoppe.
  7419 | D:6      | 7419 ||| Stepping ~*~*~tactically~*~*~ (stealth).
  7421 | D:6      | Found Koozif's Antique Armour Emporium.
  7422 | D:6      | Found Cakuwn's Assorted Antiques.
  7422 | D:6      | Found Coro's Book Shoppe.
  7423 | D:6      | 7423 ||| INVOKING Berserk.
  7516 | D:6      | 7516 ||| SHOPLISTING clouded golden ring (115 gold, have
                  | 72).
  7516 | D:6      | 7516 ||| BUYING scroll labelled QANGYUPHUGAE (23 gold).
  7516 | D:6      | Bought a scroll labelled QANGYUPHUGAE for 23 gold pieces
  7516 | D:6      | 7516 ||| BUYING scroll of identify (46 gold).
  7516 | D:6      | Bought a scroll of identify for 46 gold pieces
  7516 | D:6      | 7516 ||| SHOPLISTING scroll of identify (46 gold, have 3).
  7559 | D:6      | 7559 ||| SHOPLISTING shiny chain mail (217 gold, have 16).
  7561 | D:6      | 7561 ||| SHOPLISTING runed eveningstar (504 gold, have 16).
  7561 | D:6      | 7561 ||| SHOPLISTING runed mace (168 gold, have 16).
  7663 | D:6      | 7663 ||| UPGRADING to amulet of guardian spirit.
  7668 | D:6      | 7668 ||| READING scroll labelled QANGYUPHUGAE.
  7705 | D:6      | 7705 ||| READING 3 scrolls of identify.
  7705 | D:6      | 7705 ||| IDENTIFYING lumpy golden potion
  7706 | D:6      | 7706 ||| READING 2 scrolls of identify.
  7706 | D:6      | 7706 ||| IDENTIFYING pink potion
  7707 | D:6      | 7707 ||| DROPPING potion of invisibility.
  7778 | D:7      | Reached skill level 13 in Axes
  7784 | D:7      | Found Nunlebb's General Store.
  7792 | D:7      | 7792 ||| SHOPLISTING potion of heal wounds (70 gold, have
                  | 24).
  7794 | D:7      | Identified the +0 leather armour "Zisinido" {Will+}
  7843 | D:7      | Identified the +7 dagger "Rummage" {speed, Dex+2}
  7844 | D:7      | 7844 ||| Stepping ~*~*~tactically~*~*~ (stealth).
  7845 | D:7      | 7845 ||| Stepping ~*~*~tactically~*~*~ (stealth).
  7847 | D:7      | 7847 ||| Stepping ~*~*~tactically~*~*~ (hiding).
  7848 | D:7      | 7848 ||| Stepping ~*~*~tactically~*~*~ (hiding).
  7901 | D:7      | 7901 ||| Stepping ~*~*~tactically~*~*~ (hiding).
  7902 | D:7      | 7902 ||| Stepping ~*~*~tactically~*~*~ (hiding).
  7919 | D:7      | 7919 ||| READING scroll of acquirement.
  7919 | D:7      | 7919 ||| ACQUIRING +0 hat "Lackiam" {rCorr Str+2 Int+3}
  7919 | D:7      | Acquired the +0 hat "Lackiam" {rCorr Str+2 Int+3}
  7921 | D:7      | 7921 ||| UPGRADING to +0 hat "Lackiam" {rCorr Str+2 Int+3}.
  7937 | D:7      | Noticed Joseph
  7974 | D:7      | 7974 ||| INVOKING Berserk.
  7977 | D:7      | Killed Joseph
  7978 | D:7      | Reached skill level 14 in Axes
  8186 | D:7      | Reached skill level 3 in Dodging
  8274 | D:7      | 8274 ||| READING scroll of enchant weapon.
  8274 | D:7      | 8274 ||| ENCHANTING +2 war axe.
  8341 | D:7      | 8341 ||| READING scroll labelled XOKKOCA HINOS.
  8342 | D:7      | 8342 ||| READING 3 scrolls of identify.
  8342 | D:7      | 8342 ||| IDENTIFYING fizzy emerald potion
  8343 | D:7      | 8343 ||| READING 2 scrolls of identify.
  8343 | D:7      | 8343 ||| IDENTIFYING murky white potion
  8344 | D:7      | 8344 ||| DROPPING potion of berserk rage.
  8345 | D:7      | 8345 ||| DROPPING potion of brilliance.
  8438 | D:8      | Reached XP level 10. HP: 88/88 MP: 9/9
  8454 | D:8      | Noticed Maurice
  8469 | D:8      | Killed Maurice
  8479 | D:8      | Reached skill level 15 in Axes
  8520 | D:8      | Found a staircase to the Lair.
  8534 | D:8      | 8534 ||| INVOKING Berserk.
  8535 | D:8      | Reached skill level 9 in Fighting
  8664 | D:8      | 8664 ||| Stepping ~*~*~tactically~*~*~ (stealth).
  8665 | D:8      | 8665 ||| Stepping ~*~*~tactically~*~*~ (stealth).
  8666 | D:8      | 8666 ||| INVOKING Berserk.
  9023 | D:8      | Found a sparkling altar of Nemelex Xobeh.
  9284 | D:8      | 9284 ||| PLANNING LAIR
  9284 | D:8      | 9284 ||| READING 3 scrolls of identify.
  9284 | D:8      | 9284 ||| IDENTIFYING murky clear potion
  9285 | D:8      | 9285 ||| READING 2 scrolls of identify.
  9285 | D:8      | 9285 ||| IDENTIFYING dark potion
  9328 | Lair:1   | Entered Level 1 of the Lair of Beasts
  9368 | Lair:1   | Reached **** piety under Trog
  9465 | Lair:1   | Noticed a cane toad
  9467 | Lair:1   | Noticed a cane toad
  9469 | Lair:1   | 9469 ||| INVOKING Berserk.
  9475 | Lair:1   | Killed a cane toad
  9476 | Lair:1   | Killed a cane toad
  9477 | Lair:1   | Reached skill level 16 in Axes
  9694 | Lair:1   | Noticed Sonja
  9710 | Lair:1   | 9710 ||| INVOKING Berserk.
  9712 | Lair:1   | HP: 34/136 [Sonja/+2 dagger of venom (2)]
  9716 | Lair:1   | HP: 7/136 [poisoned by Sonja]
  9717 | Lair:1   | Succumbed to Sonja's poison

Levels and vault maps discovered:
D:1:      mrwooster_arrival_statue_2, layout_loops_corners, st_stairs_13,
          nicolae_shop_vocational
D:2:      layout_basic, shapermc_ecumenical_altar_totnotflames
D:3:      layout_loops_ring, portal_sewer_entry_b, minmay_ogre_servants,
          uniq_natasha
D:4:      layout_gridville, mainiacjoe_overflow_catch_the_wave,
          minmay_temple_entry_arrows, uniq_pikel
D:5:      lemuel_ice_spiral_2, layout_basic,
          nicolae_ru_great_annihilating_truth, grunt_temple_overflow_open,
          minmay_misc_feat_tiny, hangedman_decor_opposing
D:6:      layout_loops_ring, serial_shops, nicolae_shop_hallway_stairs,
          grunt_ministairs_6, nicolae_wooded_promenade, uniq_blork_the_orc,
          uniq_menkaure, uniq_maggie, uniq_crazy_yiuf_cottage
D:7:      layout_cave_pools, serial_shops, shop,
          hangedman_abyss_or_decor_passed, chequers_serial_rivers_room_a,
          uniq_joseph
D:8:      layout_basic, nemelex_spade_bored_becter, minmay_lair_entry_grove,
          lemuel_old_faithful, uniq_maurice
Lair:1:   layout_cellular_growth, uniq_sonja

Skill      XL: |  1  2  3  4  5  6  7  8  9 10 |
---------------+-------------------------------+-----
Axes           | 4 5 6 7 8 9 11 14 16 | 16.2
Armour         | 3 5 7 8 |  8.1
Fighting       | 4 7 8 9 |  9.1
Throwing       | 1 |  1.5
Dodging        | 3 |  3.0

Action                   |  1- 3 |  4- 6 |  7- 9 | 10-12 || total
-------------------------+-------+-------+-------+-------++-------
Melee: Hand axe          |    79 |    18 |       |       ||    97
       Headbutt          |    11 |    12 |    26 |    15 ||    64
       Punch             |     1 |       |     3 |     1 ||     5
       War axe           |       |    48 |   204 |    93 ||   345
Throw: Boomerang         |     1 |    50 |    50 |    27 ||   128
Invok: Berserk           |     3 |     5 |    14 |     4 ||    26
  Use: Scroll            |     8 |     7 |    13 |     2 ||    30
       Potion            |       |     3 |     2 |       ||     5
 Stab: Invisible         |       |       |     1 |       ||     1
       Paralysed         |       |       |     1 |       ||     1
Armor: Animal skin       |     5 |       |       |       ||     5
       Plate armour      |    15 |    25 |   124 |    91 ||   255
Dodge: Dodged            |    44 |    14 |    77 |    39 ||   174
       Repelled          |       |       |     3 |       ||     3

Table legend:
 A = Non-vault XP
 B = Vault XP
 C = Vault XP percentage of total XP
 D = Non-vault monster count
 E = Vault monster count
 F = Vault count percentage of total count
                 A         B        C        D         E       F
            +---------+---------+-------+---------+---------+-------
      Total |    5872 |    4339 |  42.5 |     170 |      40 |  19.0
            +---------+---------+-------+---------+---------+-------
        D:1 |      51 |       4 |   7.3 |      26 |       2 |   7.1
        D:2 |      54 |       0 |   0.0 |      19 |       0 |   0.0
        D:3 |     177 |     202 |  53.3 |      13 |      14 |  51.9
        D:4 |     428 |     593 |  58.1 |      25 |       1 |   3.8
        D:5 |     472 |      41 |   8.0 |      21 |       4 |  16.0
        D:6 |    1176 |     811 |  40.8 |      27 |       5 |  15.6
        D:7 |     652 |     412 |  38.7 |      16 |       1 |   5.9
        D:8 |     631 |    2276 |  78.3 |      10 |      13 |  56.5
     Lair:1 |    2231 |       0 |   0.0 |      13 |       0 |   0.0
            +---------+---------+-------+---------+---------+-------
